 Dungeon Crawl Stone Soup version 0.27-a0-417-g317cea8a3c (webtiles) character file.

Game seed: 14704844335741174015

2601 dickylongcocking the Artisan of Death (level 9, -7/41 HPs)
             Began as a Felid Monk on Feb 25, 2021.
             Was a Priest of Kikubaaqudgha.
             Mangled by Harold
             ... wielding a +0 war axe
              (14 damage)
             ... on level 8 of the Dungeon.
             The game lasted 00:11:35 (10507 turns).

dickylongcocking the Artisan of Death (Felid Monk) Turns: 10507, Time: 00:11:35

Health: -7/41      AC:  4    Str: 13    XL:     9   Next: 33%
Magic:  10/28      EV: 20    Int: 16    God:    Kikubaaqudgha [***...]
Gold:   342        SH:  5    Dex: 19    Spells: 7/21 levels left
                                        Lives:  0   Deaths: 2

rFire    . . .     SeeInvis +     - Unarmed
rCold    + . .     Faith    .   (shield unavailable)
rNeg     . . .     Spirit   .   (armour unavailable)
rPois    .         Reflect  +   (helmet unavailable)
rElec    .         Harm     .   (cloak unavailable)
rCorr    .         Rampage  .   (gloves unavailable)
Will     +....                  (boots unavailable)
Stlth    +++.......             q - amulet of reflection
HPRegen  0.13/turn              k - +6 ring of strength
MPRegen  0.21/turn              c - ring of magical power

@: marked, quick
A: very small, no armour, no weapons or thrown items, stealth, claws 1, fangs 3,
yellow scales 1, see invisible, clever 1, cold resistance 1, speed 1, shaggy fur
2, MP-powered wands, sharp paws
a: Renounce Religion, Receive Corpses


You were on level 8 of the Dungeon.
You worshipped Kikubaaqudgha.
Kikubaaqudgha was most pleased with you.
You visited 2 branches of the dungeon, and saw 9 of its levels.

You collected 342 gold pieces.

Inventory:

Jewellery
 c - a ring of magical power (right paw)
 h - an amulet of regeneration
 k - a +6 ring of strength (left paw)
 l - an amulet of guardian spirit
 q - an amulet of reflection (around neck)
Scrolls
 b - a scroll of immolation
 d - a scroll of blinking {unknown}
 g - a scroll of random uselessness
 i - a scroll of amnesia
 j - 3 scrolls of enchant armour {unknown}
 m - a scroll of fog {unknown}
 o - 2 scrolls of identify
 p - a scroll of teleportation {unknown}
Potions
 a - 2 potions of mutation
 e - a potion of brilliance {unknown}
 f - a potion of haste
 n - 2 potions of attraction


   Skills:
 - Level 6.0 Fighting
 - Level 4.0 Dodging
 - Level 2.6 Stealth
 - Level 6.0 Unarmed Combat
 * Level 6.6 Spellcasting
 * Level 9.4 Necromancy


You had 7 spell levels left.
You knew the following spells:

 Your Spells              Type           Power        Failure   Level
a - Pain                  Necr           100%         1%          1
b - Corpse Rot            Necr/Air       N/A          2%          2
c - Dispel Undead         Necr           35%          2%          4
d - Animate Dead          Necr           17%          2%          4
x - Vampiric Draining     Necr           17%          1%          3

Your spell library contained the following spells:

 Spells                   Type           Power        Failure   Level
 Sublimation of Blood     Necr           17%          1%          2
 Agony                    Necr           35%          8%          5
 Freeze                   Ice            20%          13%         1
 Magic Dart               Conj           20%          13%         1
 Searing Ray              Conj           10%          21%         2
 Dazzling Flash           Conj/Hex       10%          36%         3
 Frozen Ramparts          Ice            10%          36%         3
 Ozocubu's Armour         Ice            5%           36%         3
 Death Channel            Necr           17%          38%         6
 Borgnjor's Vile Clutch   Necr/Erth      10%          45%         5
 Fulminant Prism          Conj/Hex       2%           78%         4
 Hailstorm                Conj/Ice       5%           78%         4
 Iskenderun's Mystic Bla  Conj/Tloc      5%           78%         4
 Summon Ice Beast         Ice/Summ       5%           78%         4


Dungeon Overview and Level Annotations

Branches:
Dungeon (8/15)             Temple (1/1) D:6
   Lair: D:8-11

Altars:
Ashenzari
Cheibriados
Kikubaaqudgha
Nemelex Xobeh
Okawaru
Sif Muna
Wu Jian
Zin

Shops:
D:6 ?

Annotations:
D:7 3 runed translucent doors, gressup's ghost, novice TeCK
D:8 Harold


Innate Abilities, Weirdness & Mutations

You cannot wear armour.
You are incapable of wielding weapons or throwing items.
Your paws allow you to move quietly. (Stealth)
You have sharp claws.
You have razor-sharp teeth.
You have supernaturally acute eyesight. (SInv)
You cover ground quickly.
You are covered in thick fur. (AC +2)
Your sharp claws are effective at attacking unaware monsters.
You are partially covered in yellow scales. (AC +2)
Your mind is acute. (Int +2)
Your flesh is cold resistant. (rC+)
You expend magic power (3 MP) to strengthen your wands.


Message History

Aiming: Vampiric Draining (safe; 1% risk of failure)
Press: ? - help, Shift-Dir - straight line, f/p - Harold
Aim: Harold, wielding a +0 war axe, wearing a +0 chain mail and quivering 3 throwing nets (moderately wounded) Harold is moderately wounded.
You feel life coursing into your body. Harold hits you with a +0 war axe.
Unknown command.
Casting: Vampiric Draining (safe; 1% risk of failure)
Confirm with . or Enter, or press ? or * to list all spells.
Aiming: Vampiric Draining (safe; 1% risk of failure)
Press: ? - help, Shift-Dir - straight line, f/p - Harold
Aim: Harold, wielding a +0 war axe, wearing a +0 chain mail and quivering 3 throwing nets (moderately wounded) Harold is moderately wounded.
You feel life coursing into your body.
Harold drinks a potion.
Harold seems to grow stronger.
Casting: Vampiric Draining (safe; 1% risk of failure)
Confirm with . or Enter, or press ? or * to list all spells.
Aiming: Vampiric Draining (safe; 1% risk of failure)
Press: ? - help, Shift-Dir - straight line, f/p - Harold
Aim: Harold, wielding a +0 war axe, wearing a +0 chain mail and quivering 3 throwing nets (moderately wounded, strong) Harold is heavily wounded.
You feel life coursing into your body. Harold hits you with a +0 war axe!!
Ouch! That really hurt!
* * * LOW HITPOINT WARNING * * *
Casting: Vampiric Draining (safe; 1% risk of failure)
Confirm with . or Enter, or press ? or * to list all spells.
Aiming: Vampiric Draining (safe; 1% risk of failure)
Press: ? - help, Shift-Dir - straight line, f/p - Harold
Aim: Harold, wielding a +0 war axe, wearing a +0 chain mail and quivering 3 throwing nets (heavily wounded, strong)
Okay, then.
Okay, then.
Okay, then.
Casting: Vampiric Draining (safe; 1% risk of failure)
Confirm with . or Enter, or press ? or * to list all spells.
Aiming: Vampiric Draining (safe; 1% risk of failure)
Press: ? - help, Shift-Dir - straight line, f/p - Harold
Aim: Harold, wielding a +0 war axe, wearing a +0 chain mail and quivering 3 throwing nets (heavily wounded, strong) Harold is heavily wounded.
You feel life coursing into your body. Harold hits you with a +0 war axe!
You die...
Kikubaaqudgha rasps: "You have failed me!
Welcome... death!"

.. #. #...##.#. .... ..#
###........ ......
..##....##..# ......
...........###......
#................#
..##.......##.......#
#.....).............# ..
..#$.....@@.....##..
..##................
..#...............#
..................#
..#................# ####
...##......#......#.#
####.## .
................#####......
#..........................
#.............)............


You could see Harold (strong).

Vanquished Creatures
  Pikel (D:4)
  Joseph (D:7)
  Prince Ribbit (D:7)
  A wyvern (D:8)
  A neqoxec (D:4)
  2 black bears
  2 ogres
  A tengu (D:6)
  A centaur (D:7)
  2 phantoms
  Blork the orc (D:5)
  3 bullfrogs
  2 scorpions
  7 wights (D:8)
  A howler monkey (D:3)
  4 hounds
  A bullfrog zombie (D:6)
  4 orc priests
  An iguana (D:8)
  8 orc wizards
  7 worker ants
  A worker ant zombie (D:7)
  6 gnolls
  5 adders
  2 shadow imps
  2 white imps
  3 ufetubi
  2 oozes
  4 worms
  5 dart slugs
  11 leopard geckos
  19 orcs
  6 ball pythons
  7 bats
  4 giant cockroaches
  7 goblins
  6 hobgoblins
  11 jackals
  5 kobolds
  4 quokkas
  2 frilled lizards (D:1)
  A leopard gecko zombie (D:6)
  10 rats
175 creatures vanquished.

Vanquished Creatures (collateral kills)
  An ogre (D:8)
  A wight (D:8)
  An orc wizard (D:8)
  An orc (D:8)
4 creatures vanquished.

Vanquished Creatures (others)
  2 orc wizards
  A plant (D:1)
3 creatures vanquished.

Grand Total: 182 creatures vanquished

Notes
Turn   | Place    | Note
-------+----------+-------------------------------------------
     0 | D:1      | dickylongcocking the Felid Monk began the quest for the
                  | Orb.
     0 | D:1      | Reached XP level 1. HP: 10/10 MP: 2/2
    71 | D:1      | Reached XP level 2. HP: 10/14 MP: 3/3
   458 | D:1      | Reached XP level 3. HP: 17/17 MP: 4/4
  1171 | D:2      | Reached XP level 4. HP: 22/22 MP: 5/5
  1706 | D:2      | Found an ancient bone altar of Kikubaaqudgha.
  1706 | D:2      | Found a shimmering blue altar of Sif Muna.
  1707 | D:2      | Found a sparkling altar of Nemelex Xobeh.
  1738 | D:2      | Became a worshipper of Kikubaaqudgha
  1738 | D:2      | Reached * piety under Kikubaaqudgha
  1738 | D:2      | Identified Kikubaaqudgha's Papyrus of Dark Rites
                  | (Kikubaaqudgha gifted it to you on level 2 of the Dungeon)
  1738 | D:2      | Received a gift from Kikubaaqudgha
  1738 | D:2      | Reached ** piety under Kikubaaqudgha
  1891 | D:3      | Learned a level 1 spell: Pain
  1894 | D:3      | Learned a level 2 spell: Corpse Rot
  1984 | D:3      | Found an ornate altar of the Wu Jian Council.
  2049 | D:3      | Reached skill level 1 in Necromancy
  2076 | D:3      | Reached XP level 5. HP: 11/25 MP: 6/6
  2591 | D:3      | Reached skill level 2 in Necromancy
  3192 | D:4      | Found a glowing drain.
  3198 | D:4      | You fall into a shaft and drop 2 floors!
  3245 | D:6      | Noticed a phantom
  3263 | D:5      | Entered Level 5 of the Dungeon
  3389 | D:5      | HP: 1/25 [white imp/puff of frost (6)]
  3391 | D:5      | Killed from afar by a white imp
  3392 | D:5      | Reached XP level 4. HP: -4/22 MP: 14/14
  3522 | D:5      | Reached XP level 5. HP: 24/25 MP: 6/6
  3608 | D:5      | Noticed Blork the orc
  3618 | D:5      | HP: 1/25 [Blork the orc/+0 mace (11)]
  3620 | D:5      | Gained mutation: Your flesh is cold resistant. (rC+)
                  | [potion of mutation]
  3620 | D:5      | Gained mutation: Your mind is acute. (Int +2) [potion of
                  | mutation]
  3620 | D:5      | Gained mutation: You are partially covered in yellow
                  | scales. (AC +2) [potion of mutation]
  3620 | D:5      | Gained mutation: You expend magic power (3 MP) to
                  | strengthen your wands. [potion of mutation]
  3627 | D:5      | Killed Blork the orc
  3628 | D:5      | Reached skill level 5 in Unarmed Combat
  3628 | D:5      | Reached skill level 3 in Necromancy
  3886 | D:5      | Reached skill level 5 in Fighting
  4139 | D:4      | Gained mutation: You are covered in thick fur. (AC +2)
                  | [Felid growth]
  4139 | D:4      | Reached XP level 6. HP: 10/30 MP: 7/7
  4381 | D:4      | Reached skill level 4 in Necromancy
  4756 | D:4      | HP: 1/30 [orc priest/divine providence (15)]
  4765 | D:4      | Reached XP level 7. HP: 13/33 MP: 8/8
  5149 | D:4      | Learned a level 3 spell: Vampiric Draining
  5162 | D:4      | Noticed a neqoxec
  5162 | D:4      | a lemure changed into a neqoxec
  5165 | D:4      | Killed a neqoxec
  5566 | D:4      | Noticed Pikel
  5600 | D:4      | Killed Pikel
  5601 | D:4      | Reached skill level 5 in Necromancy
  5934 | D:4      | Found a sparkling altar of Nemelex Xobeh.
  5945 | D:4      | Reached XP level 8. HP: 33/38 MP: 9/9
  6594 | D:6      | Reached skill level 1 in Spellcasting
  6594 | D:6      | Reached skill level 6 in Necromancy
  6878 | D:6      | Found a snail-covered altar of Cheibriados.
  6928 | D:6      | Found a staircase to the Ecumenical Temple.
  6973 | D:6      | Found Fulezaw's Magic Scroll Shoppe.
  7005 | Temple   | Entered the Ecumenical Temple
  7780 | D:7      | Noticed Harold
  7807 | D:6      | Reached skill level 7 in Necromancy
  8016 | D:7      | Found a runed translucent gate.
  8016 | D:7      | Found a runed translucent gate.
  8017 | D:7      | Found a runed translucent gate.
  8021 | D:7      | Noticed gressup's ghost (novice TeCK)
  8372 | D:7      | Noticed Prince Ribbit
  8382 | D:7      | Slain by Prince Ribbit
  8383 | D:7      | Reached XP level 7. HP: -4/34 MP: 22/22
  8416 | D:7      | Killed Prince Ribbit
  8417 | D:7      | Reached XP level 8. HP: 38/38 MP: 11/15
  8591 | D:7      | Reached *** piety under Kikubaaqudgha
  8591 | D:7      | Identified Kikubaaqudgha's Tome of Necromancy
                  | (Kikubaaqudgha gifted it to you on level 7 of the Dungeon)
  8591 | D:7      | Received a gift from Kikubaaqudgha
  8615 | D:7      | Learned a level 4 spell: Dispel Undead
  8671 | D:7      | Noticed Joseph
  8689 | D:7      | Killed Joseph
  8690 | D:7      | Reached skill level 8 in Necromancy
  8695 | D:7      | Learned a level 4 spell: Animate Dead
  9004 | D:7      | Reached skill level 5 in Spellcasting
  9737 | D:8      | Reached XP level 9. HP: 36/41 MP: 16/18
 10131 | D:8      | Reached skill level 9 in Necromancy
 10507 | D:8      | Mangled by Harold

Illustrated notes

Levels and vault maps discovered:
D:1:      roderic_crop_circles_arrival_small, layout_loops_ring,
          chequers_hall_statues_corner_a
D:2:      layout_loops_ring, chequers_temple_overflow_statue_of_worship,
          minmay_split_cup_small
D:3:      layout_loops_ring, nzn_wu_jian_contemplation
D:4:      layout_loops_ring, portal_sewer_entry_a, nemelex_dance_club_becter,
          uniq_pikel
D:5:      layout_gridville, uniq_blork_the_orc
D:6:      layout_basic, kennysheep_slug_shrine,
          minmay_temple_entry_antechambers, serial_shops, shop
D:7:      layout_basic, gammafunk_ghost_necromancy, uniq_prince_ribbit1,
          uniq_harold, uniq_joseph
D:8:      layout_cave_pools, lemuel_crystal_altar, kennysheep_generic_room_14
Temple:   lightli_temple_of_artemis

Skill      XL: |  1  2  3  4  5  6  7  8  9 |
---------------+----------------------------+-----
Fighting       | 4 5 6 |  6.0
Unarmed Combat | 4 5 6 |  6.0
Necromancy     | 1 3 4 5 8 9 |  9.4
Spellcasting   | 4 5 6 |  6.6
Dodging        | |  4.0
Stealth        | |  2.6

Action                   |  1- 3 |  4- 6 |  7- 9 || total
-------------------------+-------+-------+-------++-------
Melee: Unarmed           |    85 |   194 |   277 ||   556
       Bite              |     4 |    21 |    37 ||    62
       Punch             |     1 |     4 |    12 ||    17
 Cast: Pain              |       |     1 |    17 ||    18
       Corpse Rot        |       |     1 |       ||     1
       Vampiric Draining |       |       |    44 ||    44
       Animate Dead      |       |       |    10 ||    10
       Dispel Undead     |       |       |     9 ||     9
Invok: Receive Corpses   |       |     3 |     3 ||     6
Evoke: Wand              |       |     5 |     8 ||    13
  Use: Potion            |       |     9 |     4 ||    13
       Scroll            |       |       |     9 ||     9
 Stab: Sleeping          |    13 |    12 |     8 ||    33
       Distracted        |     1 |       |     1 ||     2
Armor: Skin              |     3 |     9 |    23 ||    35
Dodge: Dodged            |    59 |   153 |   298 ||   510
Block: Other             |       |       |    66 ||    66
       Reflection        |       |       |     1 ||     1

Table legend: (Time is in decaauts)
 A = Elapsed time spent in this place.
 B = Non-inter-level travel time spent in this place.
 C = Inter-level travel time spent in this place.
 D = Time resting spent in this place.
 E = Time spent auto-exploring this place.
 F = Levels seen in this place.
 G = Mean time per level.
                   A        B        C        D        E       F      G
               +--------+--------+--------+--------+--------+-----+--------+
         Total |   9544 |   9398 |    146 |   2631 |   5199 |   9 | 1060.4 |
       Dungeon |   9271 |   9125 |    146 |   2360 |   5199 |   8 | 1158.9 |
        Temple |    272 |    272 |      0 |    271 |      0 |   1 |  272.0 |
               +--------+--------+--------+--------+--------+-----+--------+

Top non-repeatable levels by time:
     D:4: 1863 daAuts
     D:7: 1715 daAuts
     D:5: 1303 daAuts
     D:3: 1106 daAuts
     D:8: 945 daAuts
     D:2: 811 daAuts
     D:1: 803 daAuts
     D:6: 721 daAuts
  Temple: 272 daAuts
